 Dungeon Crawl Stone Soup version 0.23-a0-419-g0174fd80c1 (webtiles) character file.

60 Pilesh the Shield-Bearer (level 3, -3/49 HPs)
             Began as a Minotaur Fighter on Nov 12, 2018.
             Killed by divine providence
             ... invoked by an orc priest
              (14 damage)
             ... on level 3 of the Dungeon.
             The game lasted 00:02:24 (1433 turns).

Pilesh the Shield-Bearer (Minotaur Fighter)         Turns: 1433, Time: 00:02:24

Health: -3/49      AC: 21    Str: 21    XL:     3   Next: 82%
Magic:  2/2        EV:  2    Int:  5    God:
Gold:   38         SH:  9    Dex:  9    Spells: 2/2 levels left

rFire    . . .     SeeInvis .   a - +0 war axe
rCold    . . .     Gourm    .   c - +0 shield
rNeg     + + +     Faith    .   (armour currently unavailable)
rPois    +         Spirit   .   (helmet currently unavailable)
rElec    .         Reflect  .   (cloak currently unavailable)
rCorr    .         Harm     .   (gloves currently unavailable)
MR       .....     NoTele   +   (boots currently unavailable)
Stlth    +.........             (no amulet)
HPRegen  0.16/turn              (no ring)
MPRegen  0.08/turn              (no ring)

@: lethally poisoned (-3 -> -3), tree-form
A: (retaliatory headbutt)
a: no special abilities


You were on level 3 of the Dungeon.
You were near starving.
You were a tree.
You visited 1 branch of the dungeon, and saw 3 of its levels.

You collected 38 gold pieces.

Inventory:

Hand Weapons
 a - a +0 war axe (weapon)
Missiles
 h - a throwing net (quivered)
Armour
 c - a +0 shield (worn)
 i - a +0 chain mail (melded)
Scrolls
 e - 4 scrolls of identify {unknown}
 g - a scroll of teleportation {unknown}
 k - a scroll of amnesia {unknown}
Potions
 d - a potion of might
 j - a potion of agility {unknown}
Comestibles
 f - 3 rations


   Skills:
 + Level 4.0 Fighting
 * Level 3.5 Axes
 + Level 3.9 Armour
 + Level 1.3 Dodging
 + Level 4.1 Shields


You had 2 spell levels left.
You didn't know any spells.
Your spell library was empty.

Dungeon Overview and Level Annotations

Branches:
Dungeon (3/15)

Altars:


Innate Abilities, Weirdness & Mutations

((You reflexively headbutt those who attack you in melee.))
((You have a pair of horns on your head.))


Message History

The orc priest hits you but does no damage.
The orc hits you but does no damage. The jackal barely misses you.
The orc hits you but does no damage. The adder bites you but does no damage.
Unknown command.
Unknown command.
You barely miss the orc.
The orc is almost dead.
Your shield prevents you from hitting the adder.
You slash the jackal!
You kill the jackal!
You hit the orc.
You kill the orc!
You hit the orc priest.
You feel sick. You block the orc priest's attack. The adder bites you.
* * * LOW HITPOINT WARNING * * *
The orc hits you but does no damage. The adder bites you but does no damage.
The orc hits you but does no damage.
The orc priest mumbles some strange prayers to Beogh against you.
Beogh smites you!
You die...

...##...##
[.......##..
........#..
#..........
..<..... .
##.....##..
#...K....>.
##.. .# . ..
.# ##


You could see an orc priest, an adder, 2 orcs and a kobold.

Vanquished Creatures
  2 adders (D:2)
  A worm (D:2)
  A dart slug (D:1)
  An orc (D:3)
  2 giant cockroaches
  4 goblins
  5 hobgoblins
  A jackal (D:3)
  A quokka (D:3)
  A ball python (D:1)
  3 bats (D:1)
  2 frilled lizards (D:1)
  5 kobolds
  9 rats
38 creatures vanquished.

Notes
Turn   | Place    | Note
-------+----------+-------------------------------------------
     0 | D:1      | Pilesh the Minotaur Fighter began the quest for the Orb.
     0 | D:1      | Reached XP level 1. HP: 19/19 MP: 0/0
    79 | D:1      | Reached XP level 2. HP: 25/27 MP: 1/1
   354 | D:1      | Reached skill level 1 in Dodging
   660 | D:2      | Reached XP level 3. HP: 33/33 MP: 2/2
  1433 | D:3      | Killed from afar by an orc priest

Vault maps used:
D:1:      kennysheep_arrival_forest, minmay_large_rounded_square,
          chequers_serial_rivers_micro_a
D:2:      serial_park_tiny_1, chequers_serial_rivers_large_b
D:3:      first_ration, minmay_goblin_outpost, uniq_jessica

Skill      XL: |  1  2  3 |
---------------+----------+-----
Axes           | 3 |  3.5
Dodging        | 1 |  1.3
Shields        | 4 |  4.1
Fighting       | 4 |  4.0
Armour         | |  3.9

Action                   || total
-------------------------++-------
Melee: War axe           ||    93
       Headbutt          ||    13
  Use: Potion            ||     1
Armor: Scale mail        ||    15
       Chain mail        ||    23
       Skin              ||    19
Dodge: Dodged            ||    26
Block: Shield            ||    64

Table legend:
 A = Non-vault XP
 B = Vault XP
 C = Vault XP percentage of total XP
 D = Non-vault monster count
 E = Vault monster count
 F = Vault count percentage of total count
                 A         B        C        D         E       F
            +---------+---------+-------+---------+---------+-------
      Total |      87 |       0 |   0.0 |      38 |       0 |   0.0
            +---------+---------+-------+---------+---------+-------
        D:1 |      38 |       0 |   0.0 |      25 |       0 |   0.0
        D:2 |      42 |       0 |   0.0 |      10 |       0 |   0.0
        D:3 |       7 |       0 |   0.0 |       3 |       0 |   0.0
            +---------+---------+-------+---------+---------+-------
